Map: Acid Plant LE

Players

Iceman - Winner!

  • Race: Zerg Zerg
  • League: Diamond
  • Spawn Location: 5:00

Justify

  • Race: Protoss Protoss
  • League: Diamond
  • Spawn Location: 11:00

VOD

Have the link to the VOD?

Description

Time

  • Played on: Sept. 18, 2018, 11:48 p.m.
  • Length: 28:38
Show
View Real Time Build Order
Export as new Build Order

Iceman Zerg - Winner!

Build Orders: Hatch First, Lurkers 

Get SALT Encoding   

  12  0:01  Drone  
  13  0:12  Overlord  
  13  0:18  Drone  
  14  0:30  Drone x2  
  16  0:49  Hatchery  
  15  0:53  Drone  
  15  0:56  Drone  
  17  1:00  Drone  
  18  1:09  Extractor  
  17  1:16  Spawning Pool  
  16  1:18  Drone  
  16  1:22  Drone  
  18  1:28  Drone  
  19  1:51  Drone  
  20  2:01  Hatchery  
  20  2:04  Drone x3  
  22  2:12  Drone  
  22  2:13  Drone  
  24  2:19  Queen  
  26  2:25  Overlord  
  26  2:28  Zergling x2  
  27  2:32  Zergling x2  
  28  2:43  Drone x2  
  30  2:45  Metabolic Boost, Drone  
  31  2:54  Drone  
  31  2:55  Queen, Drone  
  35  3:04  Drone  
  36  3:11  Overlord  
  36  3:13  Drone  
  36  3:19  Drone x2  
  39  3:22  Queen  
  41  3:28  Drone  
  41  3:29  Queen  
  46  3:37  Lair  
  46  3:39  Drone x5  
  46  3:40  Drone  
  50  3:45  Evolution Chamber  
  49  3:55  Roach Warren  
  49  3:56  Extractor  
  49  3:57  Spore Crawler x2  
  49  4:01  Drone x2  
  47  4:14  Spore Crawler  
  47  4:15  Drone x4  
  50  4:23  Extractor  
  50  4:24  Zergling x2  
  50  4:26  Zerg Missile Weapons Level 1  
  50  4:29  Overlord x2  
  50  4:35  Overlord  
  50  4:36  Overlord  
  50  4:44  Hydralisk Den  
  49  4:46  Drone  
  49  4:47  Drone  
  49  4:48  Drone  
  49  4:50  Drone x2  
  49  4:51  Drone  
  49  4:52  Drone x2  
  57  4:53  Drone  
  58  5:03  Zergling x8  
  58  5:04  Zergling x10  
  67  5:10  Queen  
  67  5:12  Queen  
  71  5:16  Queen  
  71  5:21  Drone x3  
  76  5:22  Drone  
  76  5:24  Drone  
  76  5:26  Drone  
  76  5:27  Drone  
  80  5:38  Hydralisk, Muscular Augments  
  82  5:50  Extractor  
  81  6:02  Hydralisk  
  79  6:13  Drone x6  
  81  6:22  Overlord  
  81  6:28  Overlord x3  
  81  6:29  Overlord x2  
  81  6:31  Zerg Missile Weapons Level 2  
  81  6:35  Hatchery, Queen, Extractor  
  81  6:38  Hatchery  
  81  6:39  Drone  
  81  6:40  Queen x2  
  80  7:02  Drone x16  
  80  7:03  Drone  
  80  7:07  Extractor  
  96  7:13  Hydralisk x7  
  108  7:21  Infestation Pit, Hydralisk  
  109  7:23  Hydralisk  
  109  7:26  Hydralisk x3, Grooved Spines  
  109  7:28  Overseer  
  109  7:29  Overseer x2  
  117  7:30  Hydralisk  
  117  7:33  Pneumatized Carapace  
  119  7:39  Hydralisk x2  
  119  7:42  Hydralisk  
  125  7:46  Hydralisk  
  125  7:48  Hydralisk x3  
  133  8:03  Drone  
  133  8:04  Hydralisk x2, Drone x4  
  142  8:10  Overlord  
  142  8:11  Overlord  
  142  8:12  Spine Crawler, Overlord  
  141  8:13  Spore Crawler  
  141  8:14  Spine Crawler, Overseer  
  139  8:20  Lurker Den  
  139  8:21  Hive  
  138  8:28  Hydralisk x4  
  138  8:31  Hydralisk  
  148  8:34  Hydralisk  
  148  8:41  Hydralisk x2  
  154  8:52  Overlord  
  154  8:53  Overlord  
  154  8:54  Overlord  
  154  8:57  Drone x4  
  154  8:58  Drone  
  154  9:00  Hydralisk x3  
  165  9:06  Spire  
  164  9:12  Overlord x2  
  164  9:13  Overlord x2  
  164  9:15  Spine Crawler  
  163  9:17  Spine Crawler  
  163  9:21  Spine Crawler  
  163  9:22  Spine Crawler  
  160  9:24  Spine Crawler  
  160  9:25  Spine Crawler  
  160  9:26  Overlord  
  160  9:27  Overlord  
  158  9:53  Lurker x5  
  158  9:54  Hydralisk, Lurker  
  158  9:55  Hydralisk x4  
  158  9:57  Zergling x36  
  158  9:58  Zergling x6  
  174  10:25  Lurker  
  174  10:26  Lurker x5  
  174  10:28  Overlord x2  
  180  10:29  Drone x2  
  180  10:30  Overseer, Drone x2  
  180  10:32  Spine Crawler  
  180  10:33  Spine Crawler  
  180  10:35  Spine Crawler  
  181  10:50  Corruptor x3  
  187  10:57  Greater Spire  
  187  10:59  Zergling x26  
  200  11:27  Overlord x2  
  194  11:40  Corruptor x3  
  198  11:51  Lurker x2  
  190  12:16  Brood Lord x3  
  190  12:18  Brood Lord  
  190  12:19  Brood Lord  
  199  12:27  Overlord x2  
  199  12:28  Overlord  
  195  12:57  Overseer x2  
  195  13:00  Adaptive Talons  
  195  13:05  Overlord  
  195  13:06  Overlord x2  
  195  13:11  Corruptor x2  
  158  14:11  Spine Crawler x2, Drone x14  
  158  14:12  Spine Crawler x2, Drone x6  
  158  14:13  Spine Crawler x2, Extractor  
  158  14:14  Corruptor, Extractor  
  172  14:31  Hydralisk x6  
  172  14:33  Hydralisk x2  
  172  14:34  Corruptor  
  172  14:37  Zerg Flyer Armor Level 1  
  190  14:39  Hatchery  
  190  14:40  Spire  
  188  14:59  Corruptor x5  
  188  15:00  Corruptor  
  169  15:37  Corruptor  
  169  15:38  Corruptor x14  
  199  15:51  Zerg Ground Armor Level 1, Ultralisk Cavern  
  199  15:55  Evolution Chamber  
  197  16:02  Zerg Flyer Weapons Level 1  
  197  16:03  Corruptor  
  199  16:25  Corruptor  
  195  16:50  Brood Lord x3  
  195  16:51  Brood Lord  
  176  17:29  Corruptor x2  
  165  17:30  Corruptor x6  
  165  17:31  Corruptor  
  165  17:32  Hydralisk x2  
  173  18:09  Lurker  
  173  18:10  Lurker x5  
  179  18:13  Drone x10  
  179  18:14  Drone x11  
  200  18:32  Spine Crawler  
  200  18:33  Spine Crawler  
  198  18:35  Brood Lord  
  198  18:36  Extractor  
  198  18:38  Brood Lord, Extractor, Spore Crawler  
  199  18:42  Spine Crawler, Zerg Flyer Weapons Level 2  
  199  18:44  Spine Crawler  
  199  18:45  Spine Crawler  
  199  18:46  Spine Crawler  
  195  19:01  Brood Lord  
  197  19:03  Brood Lord  
  197  19:06  Hatchery  
  197  19:17  Hatchery  
  197  19:18  Hatchery  
  197  19:20  Brood Lord  
  197  19:23  Zergling x6  
  200  19:42  Spine Crawler  
  200  19:44  Spine Crawler  
  200  19:45  Spine Crawler x2  
  197  19:49  Spine Crawler x2  
  194  19:59  Brood Lord x2  
  178  20:24  Hydralisk x6  
  178  20:27  Zergling x2  
  178  20:37  Hydralisk x2  
  176  20:52  Chitinous Plating  
  176  20:55  Zergling x48  
  200  21:09  Hatchery  
  199  21:12  Lurker  
  192  21:29  Corruptor x3  
  180  21:38  Hydralisk x3  
  138  21:50  Zergling x44  
  138  21:51  Zergling x4  
  150  21:56  Zergling x2  
  147  22:02  Brood Lord x2  
  147  22:03  Brood Lord  
  107  22:23  Brood Lord  
  107  22:26  Hydralisk  
  107  22:27  Zergling x22  
  77  23:38  Extractor x2  
  77  23:39  Hydralisk x3, Spore Crawler  
  80  23:41  Hydralisk  
  80  23:46  Hydralisk  
  84  23:59  Hydralisk  
  84  24:00  Hydralisk x2  
  84  24:01  Hydralisk  
  90  24:08  Hydralisk  
  92  24:13  Lurker  
  92  24:14  Lurker  
  92  24:15  Lurker  
  93  24:19  Lurker  
  93  24:27  Lurker  
  93  24:29  Lurker  
  83  24:56  Corruptor x2  
  67  25:34  Drone x2  
  67  25:35  Drone x6  
  75  25:39  Lurker  
  75  26:02  Brood Lord  
  77  26:07  Hydralisk  
  79  26:16  Overseer  
  79  26:29  Brood Lord  
  81  26:43  Hydralisk x2  
  85  27:11  Hydralisk x4  
  85  27:15  Hydralisk  
  93  27:24  Hydralisk  
  93  27:46  Lurker x4  
  93  27:47  Lurker  
  93  27:48  Hydralisk  
  100  27:56  Overlord  
  100  28:04  Hydralisk  
Show
View Real Time Build Order
Export as new Build Order

Justify Protoss 

Build Orders: 1 Gate Expand, Oracle Opening, Zealot Archon 

Get SALT Encoding   

  12  0:00  Probe  
  13  0:13  Probe  
  14  0:19  Pylon  
  14  0:25  Probe  
  15  0:37  Probe  
  15  0:40  Gateway  
  16  0:45  Assimilator, Probe  
  17  0:53  Probe  
  18  1:04  Probe  
  19  1:16  Probe  
  20  1:27  Nexus  
  20  1:31  Probe  
  21  1:44  Cybernetics Core  
  21  1:45  Probe  
  22  1:55  Pylon  
  22  1:57  Assimilator  
  22  2:00  Probe  
  23  2:13  Probe  
  23  2:15  Adept  
  24  2:22  Stargate  
  24  2:25  Probe  
  24  2:29  Warp Gate  
  27  2:36  Probe  
  27  2:37  Probe  
  29  2:45  Adept  
  29  2:49  Probe  
  32  2:51  Probe  
  33  3:01  Oracle  
  33  3:02  Probe  
  33  3:05  Gateway  
  34  3:06  Probe  
  38  3:14  Probe  
  38  3:18  Probe  
  40  3:27  Probe  
  40  3:30  Probe  
  40  3:31  Robotics Facility  
  42  3:37  Pylon  
  42  3:39  Probe  
  43  3:42  Twilight Council, Probe  
  43  3:47  Assimilator  
  44  3:49  Assimilator  
  44  3:51  Probe  
  45  3:57  Probe  
  46  4:03  Probe  
  48  4:10  Probe  
  48  4:15  Probe  
  49  4:21  Gateway, Warp Prism  
  49  4:22  Probe  
  49  4:23  Gateway  
  52  4:24  Templar Archives  
  52  4:26  Pylon  
  52  4:27  Probe  
  53  4:34  Probe  
  54  4:44  Probe  
  55  4:46  Nexus  
  55  4:49  Probe  
  55  4:52  Pylon  
  56  4:57  Probe  
  57  5:00  Pylon  
  57  5:08  Pylon  
  57  5:12  Probe  
  57  5:13  Probe  
  59  5:16  Immortal  
  63  5:23  Forge  
  63  5:29  High Templar x2  
  63  5:30  High Templar  
  63  5:35  High Templar, Probe x2  
  72  5:40  Gateway  
  72  5:41  Gateway  
  73  5:44  Archon x2  
  73  5:46  Gateway  
  73  5:47  Probe  
  73  5:49  Phoenix  
  76  5:51  Pylon  
  76  5:56  Assimilator  
  76  5:58  Probe  
  76  5:59  Probe  
  76  6:00  Assimilator  
  76  6:02  Probe  
  79  6:10  Probe  
  78  6:12  Probe  
  78  6:14  Probe  
  78  6:16  High Templar x2  
  78  6:17  Zealot x2  
  80  6:21  Archon  
  80  6:22  Probe  
  80  6:24  Protoss Ground Weapons Level 1, Probe  
  82  6:26  Probe  
  83  6:34  Probe  
  83  6:35  Charge  
  83  6:36  Probe  
  83  6:38  Probe  
  86  6:47  Pylon  
  86  6:49  Gateway  
  86  6:51  Gateway  
  86  6:55  Gateway  
  86  6:56  Probe x3  
  87  7:06  High Templar x2  
  87  7:07  Immortal, Zealot x2  
  87  7:08  Probe  
  96  7:11  Archon  
  96  7:17  Psionic Storm  
  96  7:19  Probe x2  
  102  7:22  Robotics Facility  
  102  7:25  Zealot x2  
  106  7:30  Zealot  
  106  7:31  Zealot x2  
  106  7:33  Pylon  
  106  7:35  Pylon  
  112  7:42  Pylon  
  112  7:43  Pylon  
  112  7:46  Warp Prism  
  114  7:52  High Templar  
  114  7:53  High Templar x2, Zealot  
  114  7:54  Zealot x4  
  114  7:57  Probe x2  
  132  8:05  Immortal  
  132  8:08  Protoss Ground Weapons Level 2  
  132  8:10  Nexus  
  132  8:11  Pylon  
  132  8:16  Immortal  
  136  8:25  Pylon  
  140  8:32  High Templar x2, Zealot  
  140  8:33  Zealot x4  
  140  8:34  Zealot  
  156  8:56  Zealot x4  
  156  8:59  Pylon  
  156  9:00  Pylon  
  164  9:04  Photon Cannon  
  164  9:05  Photon Cannon  
  164  9:08  Photon Cannon  
  164  9:11  Assimilator  
  164  9:14  Assimilator  
  164  9:27  Zealot x2  
  164  9:28  Zealot x6  
  164  9:29  Zealot x2  
  184  9:31  Pylon  
  184  9:37  Probe  
  184  9:38  Probe x3  
  188  9:52  Zealot x4  
  194  9:53  Zealot x2  
  194  9:54  Zealot  
  176  10:17  Immortal  
  176  10:19  High Templar x3  
  176  10:20  High Templar x2  
  168  10:28  Observer  
  171  10:38  High Templar x4  
  171  10:39  High Templar  
  181  10:45  Archon x2  
  181  10:53  Archon  
  181  11:02  Immortal x2  
  189  11:21  Photon Cannon  
  189  11:22  Photon Cannon  
  189  11:33  Zealot x3  
  189  11:34  Zealot  
  189  11:36  Zealot  
  199  11:44  Protoss Ground Weapons Level 3  
  194  11:52  Zealot x4  
  194  11:53  Zealot  
  199  12:00  Zealot x2  
  199  12:10  Probe x2  
  191  12:47  Oracle  
  190  13:01  Immortal x2  
  192  13:46  Nexus  
  192  13:48  Pylon  
  161  13:53  Void Ray, Blink  
  145  14:09  Stargate  
  149  14:10  Stargate  
  149  14:15  Fleet Beacon  
  149  14:18  Photon Cannon  
  149  14:20  High Templar x5, Photon Cannon  
  149  14:21  High Templar x3  
  149  14:22  High Templar x2  
  149  14:23  Photon Cannon  
  169  14:24  Photon Cannon  
  169  14:26  Pylon  
  169  14:29  Archon x3  
  169  14:30  Archon x2  
  169  14:39  Gateway  
  169  14:40  Gateway  
  169  14:41  Gateway x2  
  169  14:42  Gateway  
  169  14:44  Pylon  
  169  14:50  Tempest x2  
  169  14:51  Assimilator, Tempest  
  169  14:55  Assimilator  
  169  14:58  Photon Cannon  
  169  14:59  Photon Cannon  
  186  15:08  Stalker x4  
  186  15:09  Stalker x3  
  152  15:40  Tempest x3  
  152  15:41  Stalker  
  152  15:42  Stalker x5  
  153  15:43  Stalker x3  
  168  16:14  Observer, Oracle  
  168  16:15  High Templar x4  
  168  16:16  High Templar x2  
  129  17:01  Stalker x2  
  127  17:02  Stalker x2  
  127  17:03  Stalker x4  
  127  17:04  Stalker x6  
  127  17:24  Stalker x2  
  127  17:28  Nexus  
  128  17:45  Pylon  
  128  18:11  Pylon  
  126  18:22  Stalker x3  
  126  18:23  Twilight Council  
  126  18:27  Pylon  
  132  18:28  Pylon  
  132  18:30  Oracle, Pylon  
  132  18:31  Pylon  
  132  18:36  Stalker  
  132  18:37  Stalker x3  
  143  18:59  Stalker x4  
  143  19:00  Stalker  
  143  19:01  Stalker x2  
  143  19:24  Stalker  
  143  19:25  Stalker x2  
  143  19:26  Stalker x4  
  155  19:47  Templar Archives  
  124  20:31  Probe x3  
  124  20:34  High Templar  
  124  20:35  High Templar x3  
  129  20:43  Probe  
  130  20:55  High Templar  
  130  20:56  High Templar x2  
  136  21:05  Nexus  
  99  21:50  Stalker x5  
  99  21:51  Stalker x2  
  103  22:20  Archon  
  103  22:21  Archon  
  97  22:32  Stalker x5  
  97  22:33  Stalker x2  
  70  23:40  Assimilator  
  70  24:04  Zealot  
  70  24:05  Zealot x4  
  78  24:42  Zealot x5  
  78  24:43  Zealot x2  
  66  25:47  High Templar  
  66  25:48  High Templar, Zealot x3  
  66  25:49  Zealot x2  
  80  25:54  Nexus  
  80  26:22  Pylon  
  80  26:28  High Templar x2  
  84  26:42  Observer  
  83  26:59  Pylon  
  83  27:11  Probe x2  
  71  27:35  Oracle  
Tags
 
Add a new tag
Caveats
  • Supply blocks, unpowered buildings, or Contaminate may cause inaccurate times.
  • Supply counts are checked every 10 seconds.